Map: Site Delta LE

Players

Bloodbyte - Winner!

  • Race: Protoss Protoss
  • League: Diamond
  • Spawn Location: 5:00

SubN

  • Race: Zerg Zerg
  • League: Diamond
  • Spawn Location: 11:00

VOD

Have the link to the VOD?

Description

Time

  • Played on: Nov. 22, 2023, 6:31 p.m.
  • Length: 24:28
Show
View Real Time Build Order
Export as new Build Order

Bloodbyte Protoss - Winner!

Build Orders: 1 Gate Expand 

Get SALT Encoding   

  12  0:00  Probe  
  13  0:12  Probe  
  14  0:22  Pylon  
  14  0:25  Probe  
  15  0:40  Gateway, Probe (Chrono Boost)  
  16  0:51  Probe (Chrono Boost)  
  16  0:52  Assimilator  
  17  0:57  Probe (Chrono Boost)  
  18  1:09  Probe  
  19  1:27  Cybernetics Core  
  19  1:37  Nexus  
  19  1:42  Probe  
  20  1:54  Pylon  
  20  1:57  Probe  
  21  2:04  Adept (Chrono Boost)  
  21  2:05  Warp Gate  
  23  2:12  Probe  
  24  2:25  Adept (Chrono Boost)  
  24  2:27  Probe, Assimilator  
  27  2:31  Pylon  
  27  2:40  Probe  
  28  2:54  Stargate, Probe  
  28  2:55  Zealot  
  31  3:01  Probe (Chrono Boost)  
  32  3:08  Probe (Chrono Boost)  
  32  3:11  Pylon  
  33  3:19  Probe x2 (Chrono Boost)  
  35  3:24  Probe (Chrono Boost)  
  35  3:25  Probe (Chrono Boost)  
  37  3:35  Probe  
  39  3:41  Probe  
  39  3:46  Void Ray (Chrono Boost)  
  39  3:47  Probe  
  40  3:53  Probe, Shield Battery  
  40  3:54  Sentry  
  43  3:59  Probe  
  44  4:03  Forge  
  44  4:05  Probe  
  45  4:11  Probe  
  50  4:17  Probe  
  50  4:22  Void Ray  
  51  4:26  Probe  
  51  4:29  Probe  
  53  4:35  Zealot  
  55  4:39  Probe  
  55  4:41  Probe  
  57  4:52  Assimilator  
  57  4:54  Probe, Assimilator  
  57  4:55  Pylon  
  57  4:58  Nexus  
  57  4:59  Pylon  
  58  5:02  Probe  
  58  5:04  Protoss Ground Weapons Level 1  
  58  5:05  Robotics Facility  
  59  5:15  Probe  
  60  5:21  Gateway, Photon Cannon  
  60  5:22  Shield Battery  
  60  5:23  Pylon  
  60  5:26  Probe  
  61  5:30  Sentry  
  63  5:38  Probe  
  64  5:58  Probe  
  64  6:01  Observer (Chrono Boost)  
  66  6:05  Gateway x2  
  66  6:07  Probe  
  66  6:10  Probe  
  68  6:19  Probe  
  68  6:24  Probe x2  
  71  6:28  Pylon  
  71  6:32  Probe  
  72  6:34  Immortal, Twilight Council  
  76  6:41  Probe  
  77  6:53  Probe  
  79  7:01  Probe x2  
  79  7:05  Gateway, Probe  
  79  7:06  Gateway  
  79  7:08  Assimilator, Photon Cannon  
  81  7:11  Charge  
  81  7:12  Protoss Ground Weapons Level 2  
  81  7:13  Immortal  
  81  7:14  Assimilator  
  81  7:15  Forge  
  85  7:16  Stalker x2  
  85  7:17  Probe  
  85  7:19  Probe  
  85  7:20  Probe  
  92  7:29  Probe  
  93  7:32  Robotics Bay  
  93  7:41  Probe x3  
  96  7:50  Protoss Ground Armor Level 1  
  96  7:51  Robotics Facility  
  96  7:53  Probe  
  96  7:58  Probe  
  98  7:59  Sentry  
  98  8:00  Sentry  
  106  8:05  Immortal  
  106  8:06  Stalker  
  106  8:11  Pylon  
  108  8:15  Pylon x2  
  108  8:25  Pylon  
  108  8:28  Gateway  
  108  8:31  Gateway  
  108  8:33  Pylon  
  108  8:40  Nexus  
  108  8:41  Pylon  
  108  8:44  Colossus (Chrono Boost)  
  114  8:49  Extended Thermal Lance  
  114  8:50  Observer (Chrono Boost)  
  114  8:51  Blink  
  114  8:53  Probe  
  115  9:00  Colossus (Chrono Boost)  
  121  9:04  Photon Cannon  
  121  9:05  Probe, Photon Cannon  
  121  9:06  Shield Battery  
  121  9:09  Templar Archives  
  122  9:11  Dark Shrine  
  122  9:27  Probe  
  123  9:31  Protoss Air Weapons Level 1  
  123  9:35  Colossus  
  129  9:41  Probe  
  130  9:46  Photon Cannon  
  130  9:47  Psionic Storm  
  130  9:48  Gateway  
  129  10:02  High Templar  
  129  10:03  High Templar x2  
  135  10:17  Gateway, Protoss Ground Weapons Level 3 (Chrono Boost)  
  135  10:18  Protoss Shields Level 1 (Chrono Boost)  
  135  10:20  Pylon  
  135  10:24  Assimilator  
  135  10:28  Assimilator  
  135  10:29  Gravitic Boosters, Photon Cannon  
  135  10:30  Pylon, Photon Cannon  
  135  10:31  Pylon  
  135  10:36  Stalker  
  135  10:37  Stalker x3  
  135  10:38  Sentry  
  141  11:04  Stalker  
  141  11:05  Stalker x3  
  138  11:31  Zealot  
  138  11:32  Zealot x6  
  149  11:33  Zealot x3  
  149  11:39  Photon Cannon  
  157  11:41  Photon Cannon  
  157  11:42  Photon Cannon  
  157  11:44  Photon Cannon  
  157  11:46  Photon Cannon  
  157  11:47  Shield Battery  
  125  12:36  Stalker x4  
  131  12:52  Photon Cannon  
  131  12:54  Photon Cannon  
  131  12:55  Photon Cannon  
  131  13:01  Shield Battery  
  131  13:02  Photon Cannon  
  131  13:04  Photon Cannon  
  131  13:06  Photon Cannon x2  
  131  13:08  Photon Cannon  
  131  13:22  Sentry  
  131  13:23  Sentry x2  
  115  13:41  Nexus  
  115  13:42  Pylon  
  115  13:45  Stalker  
  115  13:46  Stalker x6  
  121  13:49  Sentry x2  
  121  13:50  Sentry  
  127  13:57  Gateway  
  127  13:58  Gateway  
  127  14:02  Gateway  
  127  14:04  Shield Battery  
  127  14:07  Probe  
  128  14:12  Zealot x2  
  128  14:13  Zealot x4  
  128  14:14  Zealot x2  
  144  14:23  Photon Cannon  
  144  14:26  High Templar x2  
  135  15:06  High Templar  
  135  15:07  High Templar x3  
  139  15:12  Photon Cannon  
  139  15:13  Photon Cannon  
  131  15:15  Shield Battery  
  131  15:16  Pylon  
  131  15:20  Assimilator  
  127  15:24  Pylon  
  127  15:25  Assimilator  
  127  15:29  Stalker  
  127  15:30  Stalker x3  
  127  15:33  Zealot x4  
  143  15:36  Protoss Air Armor Level 1  
  131  15:58  Colossus x2  
  139  16:17  Sentry  
  139  16:18  Sentry, Stalker  
  143  16:19  Stalker  
  147  16:27  Dark Templar x3  
  153  16:33  Protoss Ground Armor Level 2, Protoss Shields Level 2  
  145  16:49  Probe  
  146  17:00  Pylon  
  146  17:03  Gateway x2  
  146  17:04  Pylon  
  146  17:12  Zealot x5  
  149  17:37  Gateway  
  149  17:38  Nexus  
  149  17:41  Pylon  
  149  17:42  Zealot x5  
  159  17:49  Immortal  
  166  18:04  Observer  
  161  18:26  Observer  
  154  18:32  Observer  
  155  18:37  Nexus  
  155  18:40  Pylon, Stargate  
  155  18:41  Stargate  
  153  18:44  Stargate, Assimilator  
  153  18:45  Fleet Beacon  
  143  18:49  Assimilator  
  143  18:57  Pylon  
  143  19:00  Pylon  
  143  19:02  Protoss Shields Level 3 (Chrono Boost), Protoss Ground Armor Level 3 (Chrono Boost)  
  141  19:08  Sentry  
  135  19:19  Nexus  
  135  19:22  Pylon x2, Stargate  
  135  19:29  Photon Cannon x2  
  135  19:32  Shield Battery  
  135  19:40  Dark Templar  
  137  19:48  Dark Templar x2  
  141  19:56  Zealot x2  
  141  19:57  Protoss Air Weapons Level 2 (Chrono Boost), Zealot  
  119  20:16  Zealot x3  
  119  20:17  Zealot x4  
  99  20:41  Dark Templar x2  
  97  20:48  Carrier x4  
  119  20:51  Immortal x2  
  119  20:56  Probe  
  122  21:13  Archon  
  122  21:30  Immortal  
  124  21:38  Photon Cannon  
  124  21:39  Shield Battery, Photon Cannon  
  124  21:54  Photon Cannon  
  124  21:56  Photon Cannon  
  124  21:57  Shield Battery  
  120  22:06  Stalker x3  
  120  22:07  Stalker x3  
  131  22:11  Probe  
  131  22:13  High Templar x4  
  138  22:35  Dark Templar x3  
  138  22:58  Pylon  
  138  23:00  Assimilator  
  138  23:01  Pylon  
  138  23:02  Stalker  
  138  23:03  Stalker  
  138  23:04  Assimilator  
  142  23:08  Pylon  
  142  23:10  Carrier x2  
  154  23:29  Photon Cannon  
  152  23:44  Photon Cannon  
  152  23:47  Photon Cannon x2  
  152  24:26  Archon x2  
Show
View Real Time Build Order
Export as new Build Order

SubN Zerg 

Build Orders: Hatch First, Swarm Host 

Get SALT Encoding   

  12  0:00  Drone  
  13  0:12  Overlord  
  13  0:17  Drone  
  14  0:30  Drone x2  
  16  0:50  Hatchery  
  16  0:51  Drone  
  16  0:58  Drone  
  16  0:59  Drone  
  16  1:02  Extractor  
  17  1:14  Spawning Pool  
  17  1:17  Drone  
  17  1:26  Drone  
  17  1:27  Drone  
  19  1:38  Drone  
  20  1:49  Overlord  
  20  2:01  Queen  
  20  2:02  Queen  
  20  2:04  Zergling x4  
  26  2:12  Metabolic Boost  
  26  2:23  Drone x3  
  26  2:26  Drone  
  30  2:33  Overlord  
  30  2:43  Queen  
  32  2:55  Hatchery  
  31  3:02  Drone x4  
  35  3:13  Zergling x6  
  35  3:14  Zergling x2  
  38  3:23  Queen  
  40  3:28  Drone x3  
  39  3:52  Extractor  
  39  3:54  Drone x5  
  43  3:56  Overlord  
  43  3:59  Overlord  
  43  4:00  Overlord  
  43  4:13  Drone x4, Roach Warren  
  43  4:14  Drone  
  49  4:18  Lair  
  49  4:20  Overlord  
  49  4:24  Overlord  
  49  4:27  Drone x4  
  53  4:35  Queen  
  53  4:39  Queen  
  55  4:45  Spore Crawler  
  55  4:47  Spore Crawler x2  
  52  4:59  Drone x2  
  54  5:00  Drone x3  
  54  5:01  Drone  
  54  5:02  Spore Crawler  
  54  5:03  Drone x2  
  54  5:04  Drone  
  60  5:11  Queen  
  60  5:13  Overlord x2  
  62  5:14  Evolution Chamber  
  62  5:15  Queen  
  62  5:16  Evolution Chamber  
  62  5:24  Queen  
  64  5:34  Overlord x3  
  64  5:38  Extractor, Spore Crawler  
  64  5:40  Extractor  
  64  5:41  Glial Reconstitution  
  64  5:42  Hydralisk Den  
  60  5:44  Drone x3  
  60  5:47  Queen  
  65  5:52  Overseer  
  65  6:00  Overlord x2  
  65  6:02  Drone x2  
  65  6:03  Drone x6  
  73  6:25  Zerg Missile Weapons Level 1  
  73  6:29  Zerg Ground Armor Level 1  
  73  6:32  Drone x12, Extractor  
  84  6:33  Drone x3, Extractor  
  86  6:43  Muscular Augments  
  86  6:52  Overlord  
  86  6:53  Overlord  
  86  6:54  Overlord x2  
  86  6:56  Overseer  
  86  7:11  Drone x2  
  86  7:12  Drone x4  
  86  7:15  Hatchery  
  91  7:17  Pneumatized Carapace  
  91  7:26  Overlord x2  
  91  7:32  Drone x7  
  98  7:46  Overseer  
  98  7:47  Grooved Spines  
  98  8:06  Hydralisk  
  98  8:07  Hydralisk x11  
  122  8:17  Drone x2  
  122  8:18  Drone x3  
  127  8:34  Infestation Pit  
  127  8:37  Hydralisk x8, Extractor  
  140  8:46  Queen  
  140  8:47  Drone  
  140  8:48  Drone x2, Extractor  
  144  8:53  Drone  
  145  8:58  Overseer  
  145  9:13  Roach x7  
  159  9:35  Overlord  
  159  9:36  Overlord x6  
  159  9:53  Overlord x3  
  159  9:55  Swarm Host  
  159  9:56  Swarm Host x8  
  159  9:57  Swarm Host x4  
  198  10:34  Extractor  
  196  10:36  Extractor  
  195  10:49  Hatchery  
  193  11:19  Zerg Missile Weapons Level 2  
  193  11:20  Zerg Ground Armor Level 2  
  185  11:32  Hydralisk x2  
  181  11:33  Hydralisk x4  
  181  11:36  Roach x4  
  166  12:03  Hydralisk, Roach x6  
  166  12:04  Hydralisk x10, Roach x5  
  176  12:23  Roach  
  176  12:24  Roach x9  
  190  12:33  Hydralisk x2  
  190  12:34  Hydralisk x7  
  196  12:54  Drone x2  
  196  12:55  Drone x2  
  200  13:10  Hatchery  
  176  13:20  Hatchery  
  175  13:28  Roach  
  175  13:29  Roach x11  
  171  13:48  Hydralisk x3, Roach x9  
  177  14:02  Hive  
  177  14:04  Queen  
  177  14:06  Drone x3  
  177  14:07  Drone x4  
  186  14:28  Drone x6  
  187  14:49  Roach x6  
  197  14:55  Drone x7  
  195  15:06  Queen  
  189  15:27  Hatchery  
  188  15:29  Drone x12  
  200  15:46  Hatchery  
  147  16:07  Hydralisk, Roach  
  147  16:08  Hydralisk x9, Roach x4  
  161  16:26  Viper x4  
  161  16:32  Hydralisk x7  
  183  17:22  Hatchery  
  183  17:27  Extractor  
  181  17:31  Roach x9  
  199  17:43  Spore Crawler  
  198  17:44  Extractor  
  198  17:45  Queen  
  198  17:46  Spine Crawler  
  198  17:49  Overlord x3  
  198  18:04  Hatchery  
  197  18:12  Hydralisk  
  189  18:13  Hydralisk x4  
  199  18:31  Viper  
  199  18:35  Drone  
  186  18:46  Hatchery  
  186  18:48  Ravager x3  
  178  18:49  Ravager x2  
  178  18:50  Hydralisk  
  178  18:51  Hydralisk x4  
  178  18:53  Roach  
  178  18:54  Roach x3  
  194  19:22  Zergling x4  
  194  19:23  Zergling x8  
  194  19:38  Roach x5  
  141  20:20  Hydralisk x6  
  138  20:21  Roach  
  138  20:22  Roach x9  
  137  20:36  Roach  
  137  20:37  Roach x2  
  131  20:51  Overseer x2  
  131  20:54  Overseer  
  129  21:08  Queen  
  130  21:26  Drone x4  
  130  21:27  Drone  
  135  21:50  Zerg Missile Weapons Level 3  
  133  22:03  Hatchery  
  100  22:45  Hydralisk  
  100  22:46  Hydralisk x12  
  118  23:00  Hatchery  
  117  23:07  Drone x6  
  123  23:22  Hydralisk  
  123  23:23  Hydralisk x3  
  131  23:31  Hydralisk x2  
  135  23:40  Queen  
  137  23:47  Overlord  
Tags
 
Add a new tag
Caveats
  • Supply blocks, unpowered buildings, or Contaminate may cause inaccurate times.
  • Supply counts are checked every 10 seconds.